 Dungeon Crawl Stone Soup version 0.26.0-10-g1f06aea511 (webtiles) character file.

Game seed: 15921002560295980948

25550 Borgoz the Carver (level 13, -12/115 HPs)
             Began as a Ghoul Gladiator on Jan 14, 2021.
             Was a Believer of Ashenzari.
             Killed from afar by a lindwurm (20 damage)
             ... with a blast of flame
             ... on level 3 of the Lair of Beasts.
             The game lasted 00:30:55 (15467 turns).

Borgoz the Carver (Ghoul Gladiator)                Turns: 15467, Time: 00:30:55

Health: -12/115    AC: 12    Str: 21    XL:     13   Next: 20%
Magic:  12/12      EV: 17    Int:  9    God:    Ashenzari [**....]
Gold:   422        SH:  0    Dex: 12    Spells: 12/12 levels left

rFire    + . .     SeeInvis .   d - +0 scimitar
rCold    + + .     Faith    .   (no shield)
rNeg     + + +     Spirit   .   m - +0 ring mail
rPois    ∞         Reflect  .   c - +1 helmet
rElec    +         Harm     .   (no cloak)
rCorr    +         Rampage  .   u - +1 pair of gloves
Will     .....                  (no boots)
Stlth    ++........             t - amulet of regeneration
HPRegen  0.00/turn              s - +6 ring of intelligence
MPRegen  0.13/turn              (no ring)

@: resistant
A: claws 1, cold resistance 1, negative energy resistance 3, inhibited
regeneration, torment resistance, unbreathing
a: Renounce Religion, Curse Item, Scrying


You were on level 3 of the Lair of Beasts.
You worshipped Ashenzari.
Ashenzari was pleased with you.
You visited 3 branches of the dungeon, and saw 15 of its levels.

You collected 828 gold pieces.
You spent 406 gold pieces at shops.

Inventory:

Hand Weapons
 d - a +0 scimitar (weapon)
Armour
 a - a +0 hat of see invisible
 c - a +1 helmet (worn)
 m - a +0 ring mail (worn)
 u - a +1 pair of gloves (worn)
Jewellery
 p - an uncursed ring of flight
 s - a +6 ring of intelligence (left hand)
 t - an amulet of regeneration (around neck)
 C - an uncursed ring of ice
Scrolls
 b - 3 scrolls of fog
 e - a scroll of fear
 i - 3 scrolls of magic mapping
 k - 2 scrolls of teleportation
 r - 5 scrolls of remove curse
 B - a scroll of blinking
Potions
 f - 2 potions of attraction {unknown}
 j - 6 potions of brilliance
 l - a potion of haste
 n - a potion of magic
 o - 4 potions of flight
 x - a potion of cancellation


   Skills:
 * Level 10.8 Fighting
 * Level 11.1 Long Blades
 - Level 1.8 Throwing
 * Level 9.5 Armour
 * Level 11.1 Dodging
 - Level 4.0 Stealth
 - Level 2.9 Evocations


You had 12 spell levels left.
You didn't know any spells.
Your spell library contained the following spells:

 Spells                   Type           Power        Failure   Level
 Animate Skeleton         Necr           0%           52%         1
 Apportation              Tloc           0%           52%         1
 Corona                   Hex            0%           52%         1
 Foxfire                  Conj/Fire      0%           52%         1
 Shock                    Conj/Air       0%           52%         1
 Summon Small Mammal      Summ           0%           52%         1
 Call Imp                 Summ           0%           67%         2
 Swiftness                Air            0%           67%         2
 Call Canine Familiar     Summ           0%           88%         3
 Static Discharge         Conj/Air       0%           88%         3
 Summon Guardian Golem    Hex/Summ       0%           88%         3
 Airstrike                Air            0%           99%         4
 Summon Ice Beast         Ice/Summ       0%           99%         4
 Summon Lightning Spire   Summ/Air       0%           99%         4
 Lightning Bolt           Conj/Air       0%           100%        5
 Beastly Appendage        Tmut           Unusable     N/A         1

Dungeon Overview and Level Annotations

Branches:
Dungeon (11/15)            Temple (1/1) D:7            Lair (3/6) D:8
  Swamp: Lair:2-4    Shoals: Lair:2-4     Snake: Lair:2-4    Spider: Lair:2-4
    Orc: D:9-12

Altars:
Ashenzari
Cheibriados
Dithmenos
Elyvilon
Fedhas
Gozag
Hepliaklqana
Kikubaaqudgha
Makhleb
Nemelex Xobeh
Okawaru
Qazlal
Ru
Sif Muna
Trog
Uskayaw
Vehumet
Wu Jian
Xom
Yredelemnul
Zin
The Shining One

Shops:
D:6 [   D:9 *

Annotations:
D:10 4 runed translucent doors
Lair:3 Urug


Innate Abilities, Weirdness & Mutations

You thrive by killing the living.
You are immune to poison.
You have sharp fingernails.
Your flesh is cold resistant. (rC+)
You are immune to negative energy. (rN+++)
You do not regenerate when monsters are visible.
You are immune to unholy pain and torment.
You can survive without breathing.


Message History

The cane toad stings you!
* * * LOW HITPOINT WARNING * * *
You feel better. The lindwurm breathes flames at you.
The blast of flame misses you. The cane toad misses you.
You hit the lindwurm.
The lindwurm is heavily wounded.
The cane toad stings you.
* * * LOW HITPOINT WARNING * * *
The lindwurm bites you.
* * * LOW HITPOINT WARNING * * *
The lindwurm claws you.
* * * LOW HITPOINT WARNING * * *
The lindwurm misses you.
You barely miss the lindwurm.
The lindwurm is heavily wounded.
The cane toad barely misses you. The lindwurm breathes flames at you.
The blast of flame hits you!! You resist.
You die...

#. ####...P.#P.#.# * , ..
*, ###..........P** #. *
..#.P...###....# * . , *
,........###....###.. , ,
#####...P##.....PP..
#.†..#P.........
.###............... *
.............†...... , ,
## #
...,............@k......
.##.## ...
.............F......
,...... ..
.................... ,
......
#*.+##..##..............
...... .
#..####....>..........
,......
###.######.........#....##
###..#
.#.....##....P.P.##......
* #. ..
'.'..<.###.........#....#
.....
#.#.....##..............#*
......


You could see a lindwurm (catching breath) and a cane toad.

Vanquished Creatures
  Gastronok (Lair:2)
  A hydra (Lair:2)
  Fannar (D:11)
  A two-headed ogre (D:8)
  6 death yaks (Lair:2)
  An unseen horror (D:11)
  A manticore (D:11)
  Joseph (D:10)
  A black mamba (Lair:2)
  3 cane toads
  A torpor snail (Lair:2)
  3 komodo dragons
  3 blink frogs (Lair:2)
  A hornet (D:11)
  35 yaks
  A wraith (D:10)
  A wyvern (D:11)
  A basilisk (Lair:2)
  Grum (D:11)
  A swamp worm (Lair:1)
  7 water moccasins
  2 ice beasts
  2 sky beasts
  2 phantoms
  2 orc warriors
  A necrophage (D:5)
  2 ogres
  4 wolves (D:11)
  3 centaurs (D:11)
  A big kobold (D:11)
  13 bullfrogs
  A scorpion (D:6)
  8 killer bees
  6 wights
  A bullfrog zombie (D:11)
  3 centaur zombies
  5 hounds
  2 jellies
  5 orc priests
  A centaur skeleton (D:4)
  A gnoll shaman (D:7)
  3 bullfrog skeletons
  5 iguanas
  4 orc wizards
  11 worker ants
  2 killer bee zombies (D:6)
  13 gnolls
  12 adders
  4 white imps
  3 ufetubi
  3 oozes
  2 adder skeletons
  3 worms
  6 leopard geckos
  26 orcs
  3 ball pythons
  4 giant cockroaches
  4 goblins
  5 hobgoblins
  4 jackals (D:10)
  4 quokkas
  3 bats
  3 frilled lizards (D:1)
  A giant cockroach zombie (D:6)
  A jackal zombie (D:8)
  14 kobolds
  2 leopard gecko skeletons
  2 quokka skeletons
  7 rats
291 creatures vanquished.

Vanquished Creatures (others)
  17 fungi (Lair:2)
  11 plants
28 creatures vanquished.

Grand Total: 319 creatures vanquished

Notes
Turn   | Place    | Note
-------+----------+-------------------------------------------
     0 | D:1      | Borgoz the Ghoul Gladiator began the quest for the Orb.
     0 | D:1      | Reached XP level 1. HP: 17/17 MP: 0/0
   144 | D:1      | Reached XP level 2. HP: 25/25 MP: 1/1
   608 | D:2      | Reached XP level 3. HP: 26/30 MP: 2/2
  1115 | D:2      | Reached XP level 4. HP: 19/37 MP: 3/3
  1128 | D:2      | Reached skill level 1 in Armour
  1816 | D:3      | Reached XP level 5. HP: 42/45 MP: 4/4
  2175 | D:3      | You fall into a shaft and drop 2 floors!
  2175 | D:5      | Entered Level 5 of the Dungeon
  2866 | D:4      | Reached XP level 6. HP: 51/51 MP: 5/5
  2980 | D:4      | Identified Sif Muna's First Steps in Witchery
  3072 | D:4      | Noticed a phantom
  3119 | D:4      | Killed a phantom
  4028 | D:4      | Found a bloodstained altar of Trog.
  4084 | D:5      | Reached XP level 7. HP: 58/58 MP: 6/6
  4721 | D:5      | Reached skill level 5 in Long Blades
  5037 | D:6      | Reached skill level 5 in Dodging
  5149 | D:6      | Reached XP level 8. HP: 58/67 MP: 7/7
  5815 | D:6      | Found Voithupa's Antique Armour Shop.
  5820 | D:6      | Bought a twisted leather armour for 175 gold pieces
  5820 | D:6      | Bought a transparent leather armour for 175 gold pieces
  5830 | D:6      | Identified the +1 leather armour "Vuegaoc" {*Corrode rF+
                  | Str+4 Slay+2} (You bought it in a shop on level 6 of the
                  | Dungeon)
  5840 | D:6      | Identified the +2 leather armour of Masochism {*Corrode
                  | rF+++ rC- Regen+} (You bought it in a shop on level 6 of
                  | the Dungeon)
  5911 | D:6      | Found a bloodstained altar of Trog.
  5935 | D:6      | Reached skill level 5 in Fighting
  6628 | D:7      | Reached XP level 9. HP: 74/74 MP: 8/8
  7115 | D:7      | Found a staircase to the Ecumenical Temple.
  7361 | Temple   | Entered the Ecumenical Temple
  7580 | Temple   | Became a worshipper of Ashenzari the Shackled
  7680 | D:8      | Noticed a two-headed ogre
  8036 | D:8      | Found a staircase to the Lair.
  8210 | D:8      | Killed a two-headed ogre
  8597 | D:8      | Reached XP level 10. HP: 45/86 MP: 9/9
  9073 | D:9      | Found Mepudics's Assorted Antiques.
  9077 | D:9      | Bought a scroll of identify for 56 gold pieces
  9130 | D:9      | Reached * piety under Ashenzari
  9183 | D:8      | Reached XP level 11. HP: 18/92 MP: 10/10
  9595 | D:9      | Found an opulent altar of Gozag.
  9777 | D:10     | Entered Level 10 of the Dungeon
  9863 | D:10     | Found a runed translucent door.
 10532 | D:10     | Noticed Joseph
 10549 | D:10     | Killed Joseph
 10731 | D:10     | Found a runed translucent door.
 10743 | D:10     | Found a runed translucent door.
 10753 | D:10     | Found a runed translucent door.
 11192 | D:11     | Noticed Fannar
 11227 | D:11     | Killed Fannar
 11352 | D:11     | Found a snail-covered altar of Cheibriados.
 11417 | D:11     | Noticed Grum
 11430 | D:11     | Killed Grum
 11805 | D:11     | Killed an unseen horror
 11806 | D:11     | Reached skill level 10 in Long Blades
 11890 | D:11     | Noticed a manticore
 11890 | D:11     | Noticed a cyclops
 11905 | D:11     | Killed a manticore
 11906 | D:11     | Reached skill level 10 in Dodging
 12075 | Lair:1   | Entered Level 1 of the Lair of Beasts
 12120 | Lair:1   | Reached XP level 12. HP: 101/104 MP: 11/11
 13564 | Lair:2   | Reached ** piety under Ashenzari
 13566 | Lair:2   | Noticed Gastronok
 13584 | Lair:2   | Noticed a death yak
 13586 | Lair:2   | Noticed a death yak
 13741 | Lair:2   | Noticed a four-headed hydra
 13749 | Lair:2   | Killed a four-headed hydra
 13935 | Lair:2   | Noticed a death yak
 13935 | Lair:2   | Noticed a death yak
 13936 | Lair:2   | Noticed a death yak
 13951 | Lair:2   | Killed a death yak
 13952 | Lair:2   | Reached skill level 10 in Fighting
 13955 | Lair:2   | Killed a death yak
 13967 | Lair:2   | Killed a death yak
 14506 | Lair:2   | Killed a death yak
 14510 | Lair:2   | Killed a death yak
 14511 | Lair:2   | Reached XP level 13. HP: 114/114 MP: 12/12
 14866 | Lair:2   | Killed Gastronok
 15391 | Lair:3   | Noticed Urug
 15467 | Lair:3   | Killed from afar by a lindwurm

Illustrated notes

Levels and vault maps discovered:
D:1:      wander_arrival_chamber, layout_rooms
D:2:      layout_loops_cross
D:3:      layout_loops_ring, hangedman_decor_clover_reticule
D:4:      layout_gridville, lightli_temple_of_fire
D:5:      layout_basic
D:6:      layout_gridville, serial_shops, kennysheep_little_box,
          corner_web_ring, trog_butcher_becter
D:7:      layout_basic, minmay_temple_entry_fiery
D:8:      layout_cave_pools, dpeg_oklobed_lair, serial_glass, glass_columns_b,
          glass_columns_a, glass_columns_b, glass_columns_a, glass_columns_a,
          glass_columns_a, glass_columns_a, glass_columns_b, glass_columns_a,
          glass_columns_a, glass_columns_a, glass_columns_b, glass_columns_b,
          glass_columns_a, patterned_corridor
D:9:      layout_small_grid, serial_shops, nicolae_shop_stone,
          nicolae_gozag_cash_rules_everything_around_me
D:10:     layout_rooms, serial_co_window_serial, co_window_paths_a,
          co_window_paths_a, co_window_paths_a, co_window_corner_a,
          co_window_corner_a, co_window_paths_a, co_window_corner_ca,
          co_window_2corner, co_window_2corner, minmay_statue_crystal_thing,
          uniq_joseph
D:11:     layout_basic, cheibriados_altar_1, uniq_grum, uniq_fannar
Temple:   roderic_octagonal_lattice_temple
Lair:1:   layout_loops_ring, worms_lemuel
Lair:2:   layout_regular_city, uniq_gastronok
Lair:3:   layout_regular_city, uniq_urug

Skill      XL: |  1  2  3  4  5  6  7  8  9 10 11 12 13 |
---------------+----------------------------------------+-----
Dodging        | 3 4 5 6 8 9 10 11 | 11.1
Long Blades    | 3 4 5 6 8 9 10 11 | 11.1
Armour         | 1 2 3 6 8 9 |  9.5
Fighting       | 3 4 5 7 9 10 | 10.8
Stealth        | 4 |  4.0
Evocations     | 2 |  2.9
Throwing       | |  1.8

Action                   |  1- 3 |  4- 6 |  7- 9 | 10-12 | 13-15 || total
-------------------------+-------+-------+-------+-------+-------++-------
Melee: Long sword        |    89 |   175 |   389 |       |       ||   653
       Scimitar          |       |       |       |   770 |    75 ||   845
Throw: Throwing net      |       |       |     5 |       |       ||     5
Evoke: Wand              |       |       |     7 |    11 |       ||    18
  Use: Scroll            |       |     8 |     7 |    10 |     1 ||    26
       Potion            |       |       |     4 |    13 |     9 ||    26
 Stab: Sleeping          |     1 |       |       |     3 |       ||     4
       Held in net/web   |       |       |     3 |       |       ||     3
       Distracted        |       |       |       |     2 |       ||     2
Armor: Leather armour    |    15 |       |     1 |       |       ||    16
       Ring mail         |    10 |    68 |   145 |   193 |    21 ||   437
Dodge: Dodged            |    55 |   139 |   314 |   527 |    68 ||  1103
Block: Kite shield       |       |       |    17 |       |       ||    17
       Rpst.: Long sword |    15 |    47 |    94 |       |       ||   156
       Scimitar          |       |       |       |   169 |    21 ||   190
